 Dungeon Crawl Stone Soup version 0.30-a0-1050-g2766ea1e55 (webtiles) character file.

Game seed: 6679072135157703150

67589 jt the Black Crusader (level 15, -1/95 HPs)
             Began as a Kobold Delver on Apr 10, 2023.
             Was a Follower of Yredelemnul.
             Slain by a freezing wraith (5 damage)
             ... on level 14 of the Dungeon.
             The game lasted 01:54:31 (24824 turns).

jt the Black Crusader (Kobold Delver)              Turns: 24824, Time: 01:54:31

Health: -1/95      AC: 15    Str: 15    XL:     15   Next: 66%
Magic:  1/28       EV: 21    Int: 19    God:    Yredelemnul [*.....]
Gold:   1879       SH: 10    Dex: 20    Spells: 8/20 levels left

rFire   + . .      SeeInvis .    a - +4 short sword
rCold   . . .      Faith    .    R - +3 buckler "Huquhoma" {*Corrode Str+6 Dex+3}
rNeg    . . .      Spirit   .    t - +1 leather armour {rF+}
rPois   .          Reflect  .    j - +1 hat {Will+}
rElec   .          Rampage  .    (no cloak)
rCorr   .                        N - +2 pair of gloves
Will    ++...                    p - +2 pair of boots
Stlth   ++++++                   s - amulet of the acrobat
HPRegen 0.35/turn                v - +4 ring of protection
MPRegen 0.21/turn                n - +5 ring of evasion

@: about to teleport
A: small, no large weapons, nightstalker 3
a: Renounce Religion, Recall Undead Harvest


You were on level 14 of the Dungeon.
You worshipped Yredelemnul.
Yredelemnul was most pleased with you.
You visited 4 branches of the dungeon, and saw 22 of its levels.

You collected 2431 gold pieces.
You spent 552 gold pieces at shops.

Inventory:

Hand Weapons
 a - a +4 short sword (weapon)
 B - a +1 scimitar of flaming
 H - a +0 spear of flaming
 Z - the +10 dagger of Saltpetre {antimagic, Int+5}
   (You found it on level 13 of the Dungeon)

   Int:       It affects your intelligence (+5).
Missiles
 z - 52 poisoned darts (quivered)
 E - 4 curare-tipped darts
 I - 3 throwing nets
Armour
 b - a +1 kite shield of resistance
 j - a +1 hat of willpower (worn)
 m - a +1 robe of cold resistance
 p - a +2 pair of boots (worn)
 t - a +1 leather armour of fire resistance (worn)
 N - a +2 pair of gloves (worn)
 R - the +3 buckler "Huquhoma" (worn) {*Corrode Str+6 Dex+3}
   (You acquired it on level 9 of the Dungeon)

   Str:       It affects your strength (+6).
   Dex:       It affects your dexterity (+3).
   *Corrode:  It may corrode you when you take damage.
Jewellery
 n - a +5 ring of evasion (right hand)
 s - an amulet of the acrobat (around neck)
 v - a +4 ring of protection (left hand)
 D - a ring of protection from fire
 Q - a ring of ice
 X - a ring of resist corrosion
 Y - an amulet of reflection
Wands
 g - a wand of digging (3)
 u - a wand of flame (4)
 M - a wand of light (4)
 U - a wand of mindburst (5)
 V - a wand of roots (3)
Scrolls
 c - 4 scrolls of fog
 d - 2 scrolls of magic mapping
 e - 2 scrolls of poison
 h - 10 scrolls of identify
 i - 5 scrolls of teleportation
 k - a scroll of fear
 o - 3 scrolls of blinking
 q - 5 scrolls of enchant weapon
 A - 3 scrolls of brand weapon
 G - 2 scrolls of immolation
 J - a scroll of butterflies
 K - 3 scrolls of vulnerability
 L - 3 scrolls of enchant armour
Potions
 f - 6 potions of haste
 l - 14 potions of curing
 r - a potion of brilliance
 w - a potion of cancellation
 x - a potion of heal wounds
 y - 2 potions of lignification
 C - 4 potions of flight
 O - 3 potions of magic
 S - 2 potions of mutation
 T - 2 potions of might
 W - a potion of resistance
Miscellaneous
 P - a condenser vane


   Skills:
 - Level 11.2 Fighting
 - Level 10.0 Short Blades
 - Level 2.0 Armour
 - Level 5.0 Dodging
 - Level 10.0 Stealth
 - Level 8.3 Shields
 - Level 3.0 Spellcasting
 - Level 2.0 Conjurations
 - Level 2.0 Translocations
 - Level 5.0 Air Magic
 + Level 6.6 Poison Magic
 + Level 19.4 Invocations
 - Level 2.2 Evocations


You had 8 spell levels left.
You knew the following spells:

 Your Spells              Type           Power      Damage    Failure   Level
a - Poisonous Vapours     Pois/Air       50%        N/A       3%          2
b - Mephitic Cloud        Conj/Pois/Air  20%        N/A       12%         3
c - Vhi's Electric Charg  Tloc/Air       32%        N/A       19%         3
d - Olgreb's Toxic Radia  Pois           28%        N/A       16%         4

Your spell library contained the following spells:

 Spells                   Type           Power      Damage    Failure   Level
 Static Discharge         Conj/Air       32%        2-4/arc   9%          2
 Kiss of Death            Conj/Necr      24%        2d7       17%         1
 Spider Form              Tmut/Pois      15%        N/A       19%         3
 Beastly Appendage        Tmut           4%         N/A       26%         1
 Airstrike                Air            10%        2d(2-18)  32%         4
 Wereblood                Tmut           2%         N/A       36%         2
 Confusing Touch          Hex            2%         N/A       58%         3
 Summon Lightning Spire   Summ/Air       12%        N/A       65%         4
 Arcjolt                  Conj/Air       8%         1d18      86%         5
 Dispel Undead            Necr           2%         3d7       94%         4
 Leda's Liquefaction      Hex/Erth       1%         N/A       94%         4
 Freezing Cloud           Conj/Ice/Air   5%         6-21      95%         5
 Irradiate                Conj/Tmut      3%         3d12      99%         5
 Blade Hands              Tmut           1%         N/A       100%        5
 Lee's Rapid Deconstruct  Erth           1%         3d4*      100%        5
 Statue Form              Tmut/Erth      1%         N/A       100%        6
 Dragon Form              Tmut           1%         N/A       100%        7
 Discord                  Hex            1%         N/A       100%        8
 Ignition                 Fire           1%         3d3       100%        8
 Maxwell's Capacitive Co  Air            10%        ∞         100%        8


Dungeon Overview and Level Annotations

Branches:
Dungeon (14/15)            Temple (1/1) D:6            Lair (5/5) D:11
 Shoals (0/4) Lair:3        Snake (0/4) Lair:2        Slime (0/5) Lair:5
    Orc (2/2) D:12            Elf (0/3) Orc:2        Vaults (0/5) D:13

Altars:
Ashenzari
Cheibriados
Dithmenos
Elyvilon
Fedhas
Gozag
Hepliaklqana
Kikubaaqudgha
Makhleb
Nemelex Xobeh
Okawaru
Qazlal
Ru
Sif Muna
Trog
Uskayaw
Vehumet
Wu Jian
Xom
Yredelemnul
Zin
The Shining One
Jiyva

Shops:
D:6 :   Orc:2 (:*:?

Annotations:
D:7 3 runed translucent doors, dunno567's ghost, novice DESu; hackum's ghost, novice TrFi; t4s4d4r's ghost, novice DrCj
Lair:4 1 runed translucent door, Sudiex's ghost, journeyman DsFE


Innate Abilities, Weirdness & Mutations

You are small and have problems with some larger weapons.
You are completely attuned to the shadows.


Message History

You completely miss the freezing wraith.
The freezing wraith is lightly damaged.
Unknown command.
Press: ? - help, v - describe, . - travel, g - get item
Here: a freezing wraith (lightly damaged) Item here: a +4 longbow.
The floor, spattered with blood.
You hit the freezing wraith but do no damage.
The freezing wraith is lightly damaged.
The centaur warrior looks more healthy.
The centaur warrior shoots an arrow.
The arrow hits your bound orc sorcerer!!
You block the freezing wraith's attack. The freezing wraith closely misses you.
Your bound orc sorcerer hits the centaur warrior with a +0 dagger.
Unknown command.
Press: ? - help, v - describe, . - travel
Here: a tengu warrior, wielding a +3 long sword, wearing a +0 ring mail and wearing a +0 buckler The floor.
Okay, then.
You hit the freezing wraith but do no damage.
The freezing wraith is lightly damaged.
The centaur warrior shoots an arrow.
The arrow misses your bound orc sorcerer.
The arrow hits you!
* * * LOW HITPOINT WARNING * * *
Unknown command.
Press: ? - help, v - describe, . - travel
Here: a bound orc sorcerer, wielding a +0 dagger and wearing a +0 robe (almost destroyed, friendly)
The floor, spattered with blood.
Okay, then.
You hit the freezing wraith.
The freezing wraith is lightly damaged.
Your bound orc sorcerer hits the centaur warrior with a +0 dagger!
The centaur warrior dies!
The freezing wraith hits you.
* * * LOW HITPOINT WARNING * * *
The freezing wraith freezes you!!
* * * LOW HITPOINT WARNING * * *
The freezing wraith hits you.
You die...
Your body rises from the dead as a mindless zombie.

... # .. # .. ..##
[#.###.#.#
..#...#.. #.....#
#...([# #W@Q..###
#.t#Z3)#..#
#.#)###(#.#
##)c#....## #
+#########'#### ##
............... ..
............... ..
#######.########.#
## #.....(.# .# ..


You could see a tengu warrior, a centaur warrior, a fire crab, a freezing
wraith, a friendly bound orc sorcerer and a friendly smoke demon (summoned).

Vanquished Creatures
  Harold (Orc:1)
  3 hydras
  6 vault guards (D:13)
  4 centaur warriors (D:14)
  2 two-headed ogres (D:12)
  2 boulder beetles
  A tengu warrior (D:13)
  3 orc high priests (Orc:2)
  Sonja (Orc:1)
  2 wizards (D:14)
  An orc sorcerer (Orc:1)
  An ugly thing (D:12)
  A manticore (D:14)
  3 cyclopes
  5 elephants
  A black mamba (Lair:5)
  6 cane toads
  3 komodo dragons
  An unseen horror (D:11)
  A kobold demonologist (D:11)
  A rime drake (Lair:2)
  A meliai (D:14)
  6 polar bears
  4 trolls
  3 burning bushes (Lair:3)
  Grinder (D:4)
  A hornet (D:9)
  9 blink frogs
  A vampire (D:11)
  Sigmund (D:6)
  5 spriggans (Lair:5)
  2 wraiths
  2 basilisks (Lair:3)
  17 yaks
  6 wyverns
  A golden eye (shapeshifter) (D:13)
  A steam dragon (D:8)
  4 vampire mosquitoes
  Menkaure (D:6)
  A warg (Orc:1)
  4 nagas (Lair:2)
  An acid dragon (D:11)
  9 water moccasins
  5 black bears
  6 orc warriors
  2 sky beasts
  An ice beast (D:8)
  5 centaurs
  4 ogres
  10 wolves (Lair:5)
  A boggart (Lair:5)
  A phantom (D:5)
  5 kobold brigands
  2 gnoll sergeants
  3 scorpions
  12 bullfrogs
  4 wights
  A spriggan zombie (Lair:5)
  7 killer bees
  A troll zombie (Orc:2)
  An electric eel (D:9)
  2 howler monkeys
  2 jellies
  A gnoll bouda (D:5)
  14 orc priests
  5 hounds
  3 sleepcaps
  4 hell rats (Lair:5)
  4 iguanas
  14 orc wizards
  A hell rat zombie (Lair:5)
  11 adders
  16 gnolls
  A shadow imp (D:7)
  2 ufetubi (D:5)
  2 orc zombies
  A dart slug (D:1)
  35 orcs
  3 ball pythons
  6 bats
  12 endoplasms
  A giant cockroach (D:2)
  A gnoll zombie (D:12)
  4 goblins
  10 hobgoblins
  8 jackals
  5 quokkas
  2 frilled lizards
  17 kobolds
  4 rats
  A butterfly (D:1)
393 creatures vanquished.

Vanquished Creatures (collateral kills)
  Gastronok (D:11)
  An orc warlord (Orc:1)
  Josephine (Orc:2)
  Fannar (Lair:1)
  2 vault guards (D:13)
  A hydra (Lair:5)
  Erica (Lair:1)
  A centaur warrior (D:14)
  3 boulder beetles
  An orc high priest (Orc:2)
  Urug (Orc:2)
  Nergalle (D:11)
  Amaemon (Lair:1)
  3 spriggan riders (Lair:5)
  2 oklob plants
  A cyclops (Orc:2)
  Joseph (Lair:1)
  5 elephants
  A cane toad (Lair:5)
  An orange demon (Lair:1)
  An unseen horror (D:11)
  2 kobold demonologists (D:11)
  3 komodo dragons
  A polar bear (Lair:5)
  3 hornets (Lair:5)
  A dream sheep (Lair:5)
  5 blink frogs
  5 wraiths (Orc:2)
  A shadow (D:12)
  5 spriggans (Lair:5)
  8 yaks
  3 vampire mosquitoes
  7 wargs
  A naga (Lair:2)
  2 water moccasins
  17 orc warriors
  3 black bears (Lair:5)
  4 ogres
  2 boggarts (Lair:5)
  2 centaurs (Lair:5)
  8 wolves (Lair:5)
  2 bullfrogs
  A wight (D:7)
  A killer bee (D:9)
  An electric eel (D:9)
  A hound (D:5)
  6 orc priests
  A sleepcap (D:4)
  2 iguanas (D:5)
  A hell rat (Lair:5)
  16 orc wizards
  2 gnolls
  An ufetubus (D:4)
  A dart slug (D:7)
  17 orcs
  A hobgoblin (D:4)
  2 jackals (D:5)
  10 kobolds
180 creatures vanquished.

Vanquished Creatures (others)
  An elephant slug zombie (D:11)
  2 spriggan zombies (Lair:5)
  A human zombie (D:14)
  A spectral rime drake (Lair:5)
  A cane toad zombie (Lair:5)
  A hornet zombie (Lair:5)
  A vampire mosquito zombie (D:10)
  A cyclops zombie (Orc:2)
  A water moccasin zombie (Lair:2)
  2 yak zombies (Lair:1)
  5 bullfrog zombies
  4 wolf zombies (Lair:5)
  2 centaur zombies
  A boggart zombie (Lair:5)
  An orc wizard (Orc:2)
  4 killer bee zombies
  An ogre zombie (Orc:2)
  2 hound zombies (D:5)
  A howler monkey zombie (D:14)
  An iguana zombie (D:5)
  An orc (D:5)
  2 gnoll zombies (D:5)
  An endoplasm zombie (D:4)
  2 hobgoblin zombies (D:4)
  3 jackal zombies (D:5)
  11 kobold zombies
  18 orc zombies
  A spectral ufetubus (D:5)
  58 fungi
  98 plants
  4 withered plants (D:7)
233 creatures vanquished.

Grand Total: 806 creatures vanquished

Notes
Turn   | Place    | Note
-------+----------+-------------------------------------------
     0 | D:5      | jt the Kobold Delver began the quest for the Orb.
     0 | D:5      | Reached XP level 1. HP: 14/14 MP: 1/1
   196 | D:1      | Reached XP level 2. HP: 19/19 MP: 2/2
   526 | D:1      | Reached XP level 3. HP: 24/24 MP: 3/3
  1027 | D:2      | Reached XP level 4. HP: 29/29 MP: 4/4
  1399 | D:2      | Reached XP level 5. HP: 31/33 MP: 5/5
  2136 | D:3      | Found a white marble altar of Elyvilon.
  2352 | D:3      | Found a glowing golden altar of the Shining One.
  2453 | D:3      | Found a basalt altar of Yredelemnul.
  2460 | D:3      | Became a worshipper of Yredelemnul the Dark
  2551 | D:3      | Found a hide-covered altar of Uskayaw.
  2982 | D:4      | Reached XP level 6. HP: 21/40 MP: 6/6
  3140 | D:4      | Reached skill level 5 in Short Blades
  3317 | D:4      | Reached skill level 5 in Fighting
  3615 | D:4      | Noticed Grinder
  3619 | D:4      | Killed Grinder
  3620 | D:4      | Reached XP level 7. HP: 44/44 MP: 7/7
  4261 | D:5      | Reached XP level 8. HP: 44/51 MP: 8/8
  4672 | D:5      | Noticed a wyvern
  4676 | D:5      | Killed a wyvern
  4677 | D:5      | Reached skill level 10 in Stealth
  4698 | D:5      | Reached * piety under Yredelemnul
  5216 | D:5      | Reached XP level 9. HP: 54/57 MP: 9/9
  5220 | D:5      | Reached ** piety under Yredelemnul
  5591 | D:6      | Reached skill level 5 in Dodging
  5592 | D:6      | Found a sparkling altar of Nemelex Xobeh.
  5604 | D:6      | Found Hedausm's Book Emporium.
  5741 | D:6      | Noticed Sigmund
  5745 | D:6      | Killed Sigmund
  5807 | D:6      | Noticed Menkaure
  5810 | D:6      | Killed Menkaure
  5879 | D:6      | Found a staircase to the Ecumenical Temple.
  5950 | D:6      | Reached skill level 10 in Short Blades
  6176 | D:6      | Reached *** piety under Yredelemnul
  6213 | Temple   | Entered the Ecumenical Temple
  6855 | D:7      | Reached XP level 10. HP: 68/68 MP: 10/10
  6916 | D:7      | Learned a level 2 spell: Poisonous Vapours
  6924 | D:7      | Reached skill level 10 in Fighting
  7014 | D:7      | Reached skill level 1 in Spellcasting
  7014 | D:7      | Reached skill level 1 in Air Magic
  7014 | D:7      | Reached skill level 1 in Poison Magic
  7015 | D:7      | Found a snail-covered altar of Cheibriados.
  7632 | D:7      | Found a runed translucent gate.
  7632 | D:7      | Found a runed translucent gate.
  7632 | D:7      | Found a runed translucent gate.
  7633 | D:7      | Noticed dunno567's ghost (novice DESu)
  7633 | D:7      | Noticed t4s4d4r's ghost (novice DrCj)
  7635 | D:7      | Noticed hackum's ghost (novice TrFi)
  7794 | D:8      | Found an opulent altar of Gozag.
  7945 | D:8      | Found a burning altar of Makhleb.
  7981 | D:8      | Reached skill level 1 in Evocations
  8005 | D:8      | Found a broken altar of Ashenzari.
  8797 | D:9      | Identified a scroll of acquirement
  8798 | D:9      | Acquired the +3 buckler "Huquhoma" {*Corrode Str+6 Dex+3}
  8937 | D:9      | Reached skill level 1 in Shields
  9154 | D:9      | Reached skill level 1 in Invocations
  9343 | D:9      | Paralysed by a hornet for 1 turns
  9351 | D:9      | Reached skill level 2 in Invocations
  9794 | D:10     | Entered Level 10 of the Dungeon
  9869 | D:10     | Reached skill level 3 in Invocations
  9899 | D:10     | Found a shadowy altar of Dithmenos.
  9899 | D:10     | Found a blossoming altar of Fedhas.
  9900 | D:10     | Found a sacrificial altar of Ru.
 10162 | D:10     | Reached XP level 11. HP: 37/73 MP: 1/14
 10589 | D:10     | Reached skill level 1 in Conjurations
 10589 | D:10     | Reached skill level 4 in Invocations
 10780 | D:10     | Learned a level 3 spell: Mephitic Cloud
 11424 | D:11     | Reached skill level 5 in Invocations
 11424 | D:11     | Noticed a boulder beetle
 11482 | D:11     | Noticed Nergalle
 11486 | D:11     | Killed Nergalle
 11528 | D:11     | Your ally Nergalle died
 11532 | D:11     | Noticed Gastronok
 11547 | D:11     | Killed Gastronok
 11548 | D:11     | Reached skill level 5 in Shields
 11548 | D:11     | Reached skill level 6 in Invocations
 11652 | D:11     | Found a staircase to the Lair.
 11790 | D:11     | Your ally Gastronok died
 11799 | D:11     | Noticed a boulder beetle
 11806 | D:11     | Killed a boulder beetle
 11807 | D:11     | Reached skill level 7 in Invocations
 11871 | D:11     | Killed a boulder beetle
 11872 | D:11     | Reached XP level 12. HP: 75/80 MP: 7/17
 12526 | D:11     | Reached skill level 8 in Invocations
 12783 | Lair:1   | Entered Level 1 of the Lair of Beasts
 12955 | Lair:1   | Reached skill level 9 in Invocations
 13208 | Lair:1   | Noticed Joseph
 13222 | Lair:1   | Killed Joseph
 13246 | Lair:1   | Noticed Amaemon
 13250 | Lair:1   | Noticed Fannar
 13252 | Lair:1   | Killed Amaemon
 13259 | Lair:1   | Killed Fannar
 13260 | Lair:1   | Noticed Erica
 13265 | Lair:1   | Killed Erica
 13266 | Lair:1   | Reached skill level 10 in Invocations
 13458 | Lair:1   | Found a glowing silver altar of Zin.
 13799 | Lair:1   | Reached **** piety under Yredelemnul
 13839 | Lair:1   | Reached XP level 13. HP: 84/84 MP: 13/20
 14265 | Lair:2   | Reached skill level 11 in Invocations
 14571 | Lair:2   | Noticed a seven-headed hydra
 14575 | Lair:2   | Killed a seven-headed hydra
 14739 | Lair:2   | Found a staircase to the Snake Pit.
 14757 | Lair:2   | Reached skill level 12 in Invocations
 15264 | Lair:2   | Learned a level 3 spell: Vhi's Electric Charge
 15316 | Lair:2   | Identified the +6 great mace "Navu" {freeze, Dex+3}
 15716 | Lair:3   | Reached skill level 13 in Invocations
 15852 | Lair:3   | Found a staircase to the Shoals.
 16234 | Lair:3   | Reached ***** piety under Yredelemnul
 16944 | Lair:4   | Reached skill level 14 in Invocations
 17205 | Lair:4   | Found a runed translucent door.
 17209 | Lair:4   | Noticed Sudiex's ghost (journeyman DsFE)
 17891 | Lair:5   | Entered Level 5 of the Lair of Beasts
 17895 | Lair:5   | Found a viscous altar of Jiyva.
 17896 | Lair:5   | Found a staircase to the Slime Pits.
 17984 | Lair:5   | Reached skill level 15 in Invocations
 18521 | Lair:5   | Reached XP level 14. HP: 90/90 MP: 25/25
 18558 | Lair:5   | Reached skill level 16 in Invocations
 19001 | Lair:5   | Reached ****** piety under Yredelemnul
 19485 | Lair:5   | Reached skill level 1 in Translocations
 20097 | Lair:5   | Found a broken altar of Ashenzari.
 20699 | D:12     | Reached skill level 17 in Invocations
 20733 | D:12     | Reached skill level 5 in Air Magic
 20832 | D:12     | Found a staircase to the Orcish Mines.
 21222 | D:12     | Identified the +1 robe of Gadi {Str+5 SInv}
 21670 | Orc:1    | Entered Level 1 of the Orcish Mines
 21741 | Orc:1    | Noticed Harold
 21747 | Orc:1    | Killed Harold
 21984 | Orc:1    | Noticed Sonja
 21989 | Orc:1    | Killed Sonja
 22078 | Orc:2    | Entered Level 2 of the Orcish Mines
 22221 | Orc:2    | Noticed Urug
 22239 | Orc:2    | Killed Urug
 22334 | Orc:2    | Found a staircase to the Elven Halls.
 22346 | Orc:2    | Reached skill level 18 in Invocations
 22521 | Orc:2    | Noticed Josephine
 22552 | Orc:2    | Reached XP level 15. HP: 54/92 MP: 2/28
 22559 | Orc:2    | Killed Josephine
 22711 | Orc:2    | Found Zig Liaj's Book Boutique.
 22712 | Orc:2    | Found Gaippuaw's Magic Scroll Boutique.
 22713 | Orc:2    | Found Cuammoig's Assorted Antiques.
 22714 | Orc:2    | Found Naiqid's Book Shop.
 22918 | Orc:2    | Found Caseom's Antique Weapon Boutique.
 22983 | Orc:2    | Bought the Unrestrained Analects for 552 gold pieces
 22988 | Orc:2    | Learned a level 4 spell: Olgreb's Toxic Radiance
 23052 | Orc:1    | Noticed an orc warlord
 23064 | Orc:1    | Killed an orc warlord
 23065 | Orc:1    | Reached skill level 1 in Armour
 23542 | D:13     | Found a gate to the Vaults.
 23570 | D:13     | Reached skill level 5 in Poison Magic
 23585 | D:13     | Reached skill level 19 in Invocations
 23881 | D:13     | Identified the +10 dagger of Saltpetre {antimagic, Int+5}
 24824 | D:14     | HP: 4/95 [freezing wraith (18)]
 24824 | D:14     | Slain by a freezing wraith

Illustrated notes

Levels and vault maps discovered:
D:1:      onia_arrival_mini_spirals, layout_basic, hangedman_glass_garden
D:2:      cheibrodos_old_hovel, layout_loops_ring, fountainhead
D:3:      layout_rooms, kennysheep_ying_yang, tso_metal_star,
          amcnicky_altar_gilded
D:4:      layout_basic, uniq_grinder
D:5:      minmay_recursive_quarters, layout_loops_cross, minivault_23,
          lemuel_flamethrower_2
D:6:      layout_loops_ring, nemelex_dance_club_becter, temple_statues,
          serial_shops, shop_fountains, uniq_sigmund, uniq_menkaure
D:7:      layout_basic, kennysheep_slug_shrine, gammafunk_ghost_cemetery,
          hangedman_decor_riveting
D:8:      layout_rooms, ashenzari_conservatory_becter,
          mainiacjoe_overflow_small_starburst, lemuel_round_altar,
          minmay_misc_feat_enclosed
D:9:      layout_roguey, chequers_big_river
D:10:     layout_gridville, gammafunk_temple_overflow_claw
D:11:     layout_basic, erik_lair_orcish_takeover, grunt_ministairs_15,
          uniq_nergalle, uniq_gastronok
D:12:     nicolae_hitomezashi [nicolae_hito_row, nicolae_hito_row,
          nicolae_hito_row, nicolae_hito_row, nicolae_hito_row,
          nicolae_hito_row, nicolae_hito_row, nicolae_hito_row,
          nicolae_hito_row, nicolae_hito_row, nicolae_hito_row,
          nicolae_hito_row, nicolae_hito_row, nicolae_hito_row,
          nicolae_hito_row, nicolae_hito_row, nicolae_hito_row,
          nicolae_hito_row], layout_basic, orc_0_dummy, drop_trap
D:13:     layout_roguey, erik_vaults_2
D:14:     minmay_the_grid_4x2 [minmay_the_grid_empty, minmay_the_grid_rooms,
          minmay_the_grid_spin_star, minmay_the_grid_garden,
          minmay_the_grid_tiny_cups, minmay_the_grid_aliased_spiral,
          minmay_the_grid_plusring, minmay_the_grid_prize_big_room],
          layout_basic, hex_medium, serial_shops, shop, kennysheep_treasure_room
Temple:   jpeg_temple_alley_garden
Lair:1:   layout_cave_pods, basic_altar, dreamdust_mushroom_princess,
          serial_bayou_shore_b, uniq_fannar, uniq_amaemon, uniq_joseph,
          uniq_erica
Lair:2:   layout_gridlike, minmay_snake_entry_guardpost_medium,
          minmay_lair_oklob_items, grunt_forest_small_clearing_treed
Lair:3:   layout_loops_ring, shoals_dummy_entry, evilmike_ambush
          [evilmike_ambush_outer_basic, evilmike_ambush_inner_pond]
Lair:4:   layout_long_grid, ebering_ghost_inner_flame
Lair:5:   minmay_lair_end_enchanted_forest, layout_regular_city, slime_entry_1,
          lemuel_centaur_altar
Orc:1:    layout_caves, uniq_harold, uniq_sonja
Orc:2:    st_orc_mages, layout_diamond_mine, serial_shops, shop_fountains,
          uniq_josephine, uniq_urug

Skill      XL: |  1  2  3  4  5  6  7  8  9 10 11 12 13 14 15 |
---------------+----------------------------------------------+-----
Short Blades   | 3 4 5 6 8 10 | 10.0
Stealth        | 7 8 9 10 | 10.0
Fighting       | 4 5 6 7 9 11 | 11.2
Dodging        | 4 5 |  5.0
Spellcasting   | 2 3 |  3.0
Air Magic      | 2 4 5 |  5.0
Poison Magic   | 2 4 6 |  6.6
Evocations     | 2 |  2.2
Shields        | 3 5 8 |  8.3
Invocations    | 3 7 10 15 18 19 | 19.4
Conjurations   | 2 |  2.0
Translocations | 2 |  2.0
Armour         | 2 |  2.0

Action                     |  1- 3 |  4- 6 |  7- 9 | 10-12 | 13-15 || total
---------------------------+-------+-------+-------+-------+-------++-------
  Melee: Short sword       |     7 |       |   149 |   471 |   681 ||  1308
         Dagger            |   107 |   245 |   135 |       |       ||   487
         Punch             |     2 |     6 |     4 |     2 |       ||    14
         Spear             |       |       |       |     1 |     1 ||     2
  Throw: Dart              |       |       |    15 |    14 |    12 ||    41
         Throwing net      |       |       |       |     1 |       ||     1
   Cast: Poisonous Vapours |       |       |       |    75 |   110 ||   185
         Mephitic Cloud    |       |       |       |     3 |    22 ||    25
         Vhi's Electric Ch |       |       |       |       |     6 ||     6
         Olgreb's Toxic Ra |       |       |       |       |    13 ||    13
 Invoke: Recall Undead Har |       |       |     4 |    13 |    20 ||    37
         Dark Bargain      |       |       |       |     8 |     8 ||    16
         Bind Soul         |       |       |       |       |     5 ||     5
         Drain Life        |       |       |       |       |     1 ||     1
  Evoke: Wand              |       |       |       |     5 |    26 ||    31
         Condenser vane    |       |       |       |     1 |     3 ||     4
    Use: Scroll            |       |     2 |    11 |     7 |     5 ||    25
         Potion            |       |     1 |     5 |     2 |     4 ||    12
   Stab: Sleeping          |    18 |    23 |    28 |    19 |    42 ||   130
         Distracted        |       |     3 |     3 |     6 |    13 ||    25
         Invisible         |       |       |       |     2 |     1 ||     3
         Confused          |       |       |       |     4 |    15 ||    19
         Paralysed         |       |       |       |       |     4 ||     4
         Fleeing           |       |       |       |       |     1 ||     1
 Armour: Leather armour    |    28 |    65 |    66 |    54 |    68 ||   281
         Robe              |       |       |       |       |    23 ||    23
  Dodge: Dodged            |    72 |   160 |   175 |   292 |   337 ||  1036
  Block: Buckler           |       |       |       |   108 |   281 ||   389

Table legend: (Time is in decaauts)
 A = Elapsed time spent in this place.
 B = Non-inter-level travel time spent in this place.
 C = Inter-level travel time spent in this place.
 D = Time resting spent in this place.
 E = Time spent auto-exploring this place.
 F = Levels seen in this place.
 G = Mean time per level.
                   A        B        C        D        E       F      G
               +--------+--------+--------+--------+--------+-----+--------+
         Total |  24154 |  23210 |    944 |   3811 |  13901 |  22 | 1097.9 |
       Dungeon |  14956 |  14331 |    625 |   2154 |   8576 |  14 | 1068.3 |
        Temple |    224 |    218 |      6 |      0 |    189 |   1 |  224.0 |
          Lair |   7363 |   7156 |    207 |   1426 |   4379 |   5 | 1472.6 |
  Orcish Mines |   1609 |   1504 |    105 |    231 |    756 |   2 |  804.5 |
               +--------+--------+--------+--------+--------+-----+--------+

Top non-repeatable levels by time:
  Lair:5: 2303 daAuts
    D:11: 1682 daAuts
     D:5: 1491 daAuts
  Lair:1: 1371 daAuts
  Lair:3: 1366 daAuts
    D:12: 1293 daAuts
     D:4: 1225 daAuts
    D:10: 1220 daAuts
     D:9: 1217 daAuts
  Lair:2: 1195 daAuts
  Lair:4: 1126 daAuts
     D:7: 1041 daAuts
    D:13: 1015 daAuts
     D:3: 921 daAuts
   Orc:2: 920 daAuts
